 Dungeon Crawl Stone Soup version 0.29.0-4-gdea44cf6ec (webtiles) character file.

Game seed: 17523287453353317781

4912 qw the Grappler (level 10, -8/88 (96) HPs)
             Began as a Troll Cinder Acolyte on Aug 31, 2022.
             Was an Initiate of Ignis.
             Mangled by a gnoll sergeant
             ... wielding a +2 vampiric spear
             ... summoned by an orange crystal statue
              (10 damage)
             ... on level 9 of the Dungeon.
             The game lasted 00:06:09 (8292 turns).

qw the Grappler (Troll Cinder Acolyte)              Turns: 8292, Time: 00:06:10

HP:   -8/88 (96)    AC: 24    Str: 28    XL:     10   Next: 27%
MP:   4/10          EV: 12    Int: -31 (13)God:    Ignis [......]
Gold: 533           SH:  0    Dex:  5    Spells: 11/11 levels left

rFire   . . .      SeeInvis .     - Unarmed
rCold   + + .      Faith    .   (no shield)
rNeg    + . .      Spirit   .   n - +1 ice dragon scales "Nuask" {rF- rC++ rN+ Int+3 Stlth+}
rPois   .          Reflect  .   (helmet restricted)
rElec   .          Harm     .   (no cloak)
rCorr   .          Rampage  .   (gloves unavailable)
Will    .....                   (boots unavailable)
Stlth   ..........              (no amulet)
HPRegen 1.04/turn               g - +4 ring of protection
MPRegen 0.12/turn               i - +4 ring of evasion

@: fiery-armoured, slowed, lost intelligence, drained, unable to read, very slow
A: large, unfitting armour, claws 3, regeneration 1, shaggy fur 1, tough skin 1
a: Renounce Religion, Rising Flame


You were on level 9 of the Dungeon.
You worshipped Ignis.
Ignis was noncommittal.
You visited 1 branch of the dungeon, and saw 9 of its levels.

You collected 533 gold pieces.


Innate Abilities, Weirdness & Mutations

You are too large for most types of armour.
You have claws for hands.
Your natural rate of healing is unusually fast.
You are covered in fur. (AC +1)
You have tough skin. (AC +1)


   Skills:
 - Level 5.0 Fighting
 - Level 3.5 Armour
 - Level 1.8 Dodging
 + Level 13.5 Unarmed Combat
 - Level 1.0 Spellcasting
 - Level 2.1 Fire Magic


You had 11 spell levels left.
You didn't know any spells.
Your spell library contained the following spells:

 Spells                   Type           Power      Damage    Failure   Level
 Scorch                   Fire           0%         2d5       71%         2

Inventory:

Armour
 a - a +0 robe
 n - the +1 ice dragon scales "Nuask" (worn) {rF- rC++ rN+ Int+3 Stlth+}
   (You acquired it on level 7 of the Dungeon)

   Int:       It affects your intelligence (+3).
   rF:        It makes you vulnerable to fire.
   rC:        It greatly protects you from cold.
   rN:        It protects you from negative energy.
   Stlth:     It makes you more stealthy.
Jewellery
 c - a ring of fire
 g - a +4 ring of protection (left claw)
 i - a +4 ring of evasion (right claw)
Scrolls
 f - 2 scrolls of immolation {unknown}
 h - a scroll of enchant armour
 k - 6 scrolls of teleportation
 o - 3 scrolls of identify
 p - a scroll of brand weapon
Potions
 d - a potion of resistance
 j - a potion of might
 l - a potion of haste
 m - a potion of mutation
 q - a potion of cancellation
 r - a potion of invisibility {unknown}
 s - a potion of brilliance {unknown}

Dungeon Overview and Level Annotations

Branches:
Dungeon (9/15)             Temple (0/1) D:5
   Lair: D:8-11         Orc: D:9-12

Altars:
Ashenzari
Fedhas
Gozag
Hepliaklqana
Makhleb
Okawaru
Qazlal
Sif Muna
Trog
Uskayaw
Vehumet
Wu Jian
Yredelemnul

Shops:
D:4 [   D:5 [

Annotations:
D:7 3 runed translucent doors, qw's ghost, novice TeWr


Message History

You mangle the yak!!
The yak is almost dead.
The yak gores you but does no damage.
The yak is burned by your cloak of flames.
The yak is moderately wounded.
The yak gores you but does no damage.
The yak is burned by your cloak of flames.
The yak is lightly wounded.
The yak gores you!
The yak is burned by your cloak of flames.
The yak is almost dead.
The gnoll sergeant closely misses you.
You scratch the yak but do no damage.
The yak is almost dead.
The yak barely misses you. The yak closely misses you. x2
The gnoll sergeant barely misses you. The yak closely misses you.
The yak completely misses you. The yak gores you but does no damage.
The yak is burned by your cloak of flames.
The yak is lightly wounded.
You scratch the yak.
You kill the yak!
The yak's corpse dissolves into shadows!
The gnoll sergeant hits you but does no damage.
The yak barely misses you. The yak gores you.
The yak is burned by your cloak of flames.
The yak is moderately wounded.
You closely miss the yak.
The yak is moderately wounded.
The gnoll sergeant hits you from afar with a +2 vampiric spear.
The yak gores you.
The yak is burned by your cloak of flames.
The yak is lightly wounded.
The yak gores you.
The yak is burned by your cloak of flames.
The yak is moderately wounded.
The yak misses you.
You scratch the yak. Your claw misses the yak.
The yak is heavily wounded.
The gnoll sergeant hits you from afar with a +2 vampiric spear!
You die...

#..)...........
#.......#####..
#.......#...#..
#...........#..
#.#..#8.8#..#..
#.#.#8...8#.#..
#.#.8[.?..8....
####.+...=8$......
#@YY.#.8Y.!..8....
#YY..#.#8...8#.###
#..g.#..#8.8#..#
#.......Y.....##
#........######
#?.....###
#......# ########


You could see 4 yaks and a gnoll sergeant (summoned).

Vanquished Creatures
  A two-headed ogre (D:9)
  Erica (D:9)
  2 hornets (D:8)
  2 steam dragons (D:8)
  2 water moccasins
  Duvessa (D:4)
  2 sky beasts
  2 black bears (D:5)
  An orc warrior (D:9)
  4 centaurs
  3 phantoms
  A kobold brigand (D:8)
  A gnoll sergeant (D:9)
  2 bullfrogs
  3 scorpions (D:5)
  3 wights (D:6)
  Dowan (D:4)
  8 killer bees (D:9)
  A crimson imp (D:8)
  3 hounds
  2 jellies
  4 gnoll boudas
  4 orc priests
  An iguana (D:5)
  4 orc wizards
  4 hell rats (D:8)
  A statue (D:8)
  18 gnolls
  7 river rats (D:8)
  8 adders
  A shadow imp (D:6)
  5 white imps
  2 ufetubi (D:7)
  A worm (D:3)
  3 dart slugs
  30 orcs
  5 endoplasms
  6 giant cockroaches
  5 goblins
  10 hobgoblins
  9 jackals
  14 quokkas
  9 ball pythons
  4 bats
  5 frilled lizards (D:1)
  14 kobolds
  21 rats
241 creatures vanquished.

Vanquished Creatures (others)
  A gnoll (D:8)
  16 plants (D:9)
17 creatures vanquished.

Grand Total: 258 creatures vanquished

Notes
Turn   | Place    | Note
-------+----------+-------------------------------------------
     0 | D:1      | qw the Troll Cinder Acolyte began the quest for the Orb.
     0 | D:1      | Reached XP level 1. HP: 22/22 MP: 1/1
     0 | D:1      | 0 ||| qw: Version: 0.1-a-97-g2dd2ca4
     0 | D:1      | 0 ||| qw: Game counter: 4561
     0 | D:1      | 0 ||| qw: Always use a shield: true
     0 | D:1      | 0 ||| qw: God list: Okawaru
     0 | D:1      | 0 ||| qw: Allow faded altars: false
     0 | D:1      | 0 ||| qw: Do Orc after D:15 true
     0 | D:1      | 0 ||| qw: Do second Lair branch before Depths: true
     0 | D:1      | 0 ||| qw: Lair rune preference: random
     0 | D:1      | 0 ||| qw: Plans: Normal
     0 | D:1      | 0 ||| PLANNING D:1-11
     3 | D:1      | 3 ||| Stepping ~*~*~tactically~*~*~ (hiding).
   174 | D:1      | 174 ||| Stepping ~*~*~tactically~*~*~ (stealth).
   190 | D:1      | Reached XP level 2. HP: 29/29 MP: 2/2
   349 | D:1      | 349 ||| Stepping ~*~*~tactically~*~*~ (hiding).
   463 | D:1      | Reached skill level 4 in Unarmed Combat
   469 | D:1      | 469 ||| Stepping ~*~*~tactically~*~*~ (stealth).
   470 | D:1      | 470 ||| Stepping ~*~*~tactically~*~*~ (stealth).
   600 | D:1      | 600 ||| Stepping ~*~*~tactically~*~*~ (stealth).
   653 | D:1      | Reached XP level 3. HP: 36/36 MP: 3/3
   709 | D:1      | 709 ||| Stepping ~*~*~tactically~*~*~ (stealth).
   944 | D:1      | 944 ||| READING 2 scrolls labelled ROCWOC CE XYEM.
   947 | D:1      | 947 ||| READING scroll labelled YNOIPA ZI VUBE.
   997 | D:2      | 997 ||| STAIRDANCE
  1123 | D:2      | 1123 ||| Stepping ~*~*~tactically~*~*~ (stealth).
  1124 | D:2      | 1124 ||| Stepping ~*~*~tactically~*~*~ (stealth).
  1539 | D:2      | Identified the +12 mace of Fedhas's Respect {holy, rCorr
                  | Dex+2 Stlth+}
  1597 | D:2      | 1597 ||| UPGRADING to +4 ring of protection.
  1598 | D:2      | 1598 ||| READING scroll labelled MEUBRU JIUPT.
  1599 | D:2      | 1599 ||| READING scroll labelled BEES ILULYUZ.
  1600 | D:2      | 1600 ||| READING scroll labelled WUBLAEM QUOW.
  1601 | D:2      | 1601 ||| READING scroll of teleportation.
  1708 | D:3      | Reached XP level 4. HP: 44/44 MP: 4/4
  1768 | D:3      | 1768 ||| Stepping ~*~*~tactically~*~*~ (stealth).
  1769 | D:3      | 1769 ||| Stepping ~*~*~tactically~*~*~ (stealth).
  1770 | D:3      | 1770 ||| Stepping ~*~*~tactically~*~*~ (stealth).
  1775 | D:3      | Reached skill level 5 in Unarmed Combat
  1783 | D:3      | Found a broken altar of Ashenzari.
  1818 | D:3      | 1818 ||| Stepping ~*~*~tactically~*~*~ (stealth).
  1832 | D:3      | 1832 ||| Stepping ~*~*~tactically~*~*~ (stealth).
  1839 | D:3      | 1839 ||| Stepping ~*~*~tactically~*~*~ (outnumbered).
  1840 | D:3      | 1840 ||| Stepping ~*~*~tactically~*~*~ (outnumbered).
  1841 | D:3      | 1841 ||| Stepping ~*~*~tactically~*~*~ (outnumbered).
  1842 | D:3      | 1842 ||| Stepping ~*~*~tactically~*~*~ (outnumbered).
  1843 | D:3      | 1843 ||| Stepping ~*~*~tactically~*~*~ (outnumbered).
  2188 | D:3      | 2188 ||| READING scroll labelled OTWAT BATT.
  2189 | D:3      | 2189 ||| DRINKING 2 murky purple potions.
  2290 | D:3      | 2290 ||| DRINKING 3 silvery potions.
  2291 | D:3      | 2291 ||| DROPPING potion of ambrosia.
  2305 | D:4      | 2305 ||| Stepping ~*~*~tactically~*~*~ (stealth).
  2308 | D:4      | 2308 ||| Stepping ~*~*~tactically~*~*~ (stealth).
  2316 | D:4      | 2316 ||| Stepping ~*~*~tactically~*~*~ (stealth).
  2334 | D:4      | 2334 ||| Stepping ~*~*~tactically~*~*~ (stealth).
  2342 | D:4      | 2342 ||| Stepping ~*~*~tactically~*~*~ (stealth).
  2354 | D:4      | 2354 ||| Stepping ~*~*~tactically~*~*~ (stealth).
  2377 | D:4      | 2377 ||| Stepping ~*~*~tactically~*~*~ (hiding).
  2389 | D:4      | Noticed a phantom
  2398 | D:4      | Killed a phantom
  2399 | D:4      | Reached skill level 6 in Unarmed Combat
  2399 | D:4      | Reached XP level 5. HP: 50/50 MP: 5/5
  2435 | D:4      | Found Hadihell's Antique Armour Shoppe.
  2443 | D:4      | 2443 ||| Stepping ~*~*~tactically~*~*~ (hiding).
  2444 | D:4      | 2444 ||| Stepping ~*~*~tactically~*~*~ (hiding).
  2451 | D:4      | 2451 ||| DRINKING 2 potions of curing.
  2451 | D:4      | 2451 ||| (to cure confusion)
  2602 | D:4      | Reached XP level 6. HP: 57/59 MP: 6/6
  2611 | D:4      | 2611 ||| Stepping ~*~*~tactically~*~*~ (stealth).
  2733 | D:4      | Reached skill level 7 in Unarmed Combat
  2852 | D:4      | 2852 ||| Stepping ~*~*~tactically~*~*~ (stealth).
  2853 | D:4      | 2853 ||| Stepping ~*~*~tactically~*~*~ (stealth).
  2882 | D:4      | Found an ornate altar of the Wu Jian Council.
  2884 | D:4      | 2884 ||| Stepping ~*~*~tactically~*~*~ (stealth).
  3251 | D:4      | Noticed Duvessa
  3251 | D:4      | Noticed Dowan
  3252 | D:4      | 3252 ||| Stepping ~*~*~tactically~*~*~ (stealth).
  3258 | D:4      | 3258 ||| INVOKING Fiery Armour.
  3259 | D:4      | Killed Duvessa
  3267 | D:4      | Killed Dowan
  3385 | D:4      | 3385 ||| UPGRADING to +4 ring of evasion.
  3386 | D:4      | 3386 ||| READING scroll labelled VOC OXTUUCYR.
  3414 | D:4      | 3414 ||| READING scroll labelled WEENAM SADOTT.
  3449 | D:5      | Entered Level 5 of the Dungeon
  3461 | D:5      | 3461 ||| INVOKING Fiery Armour.
  3464 | D:5      | 3464 ||| Stepping ~*~*~tactically~*~*~ (stealth).
  3468 | D:5      | Reached skill level 8 in Unarmed Combat
  3468 | D:5      | 3468 ||| Stepping ~*~*~tactically~*~*~ (stealth).
  3470 | D:5      | 3470 ||| Stepping ~*~*~tactically~*~*~ (hiding).
  3472 | D:5      | 3472 ||| Stepping ~*~*~tactically~*~*~ (hiding).
  3474 | D:5      | 3474 ||| Stepping ~*~*~tactically~*~*~ (hiding).
  3476 | D:5      | Reached XP level 7. HP: 66/66 MP: 7/7
  3518 | D:5      | Found an iron altar of Okawaru.
  3522 | D:5      | 3522 ||| Stepping ~*~*~tactically~*~*~ (hiding).
  3523 | D:5      | 3523 ||| Stepping ~*~*~tactically~*~*~ (hiding).
  3526 | D:5      | Reached skill level 3 in Fighting
  3527 | D:5      | 3527 ||| Stepping ~*~*~tactically~*~*~ (outnumbered).
  3532 | D:5      | 3532 ||| Stepping ~*~*~tactically~*~*~ (outnumbered).
  3653 | D:5      | Found Berump's Antique Armour Shop.
  3657 | D:5      | 3657 ||| Stepping ~*~*~tactically~*~*~ (outnumbered).
  3660 | D:5      | 3660 ||| Stepping ~*~*~tactically~*~*~ (outnumbered).
  3664 | D:5      | 3664 ||| Stepping ~*~*~tactically~*~*~ (stealth).
  3669 | D:5      | Reached skill level 9 in Unarmed Combat
  3682 | D:5      | Reached skill level 1 in Dodging
  3688 | D:5      | Found a staircase to the Ecumenical Temple.
  3705 | D:5      | Reached XP level 8. HP: 67/75 MP: 8/8
  3778 | D:5      | 3778 ||| Stepping ~*~*~tactically~*~*~ (stealth).
  3833 | D:5      | 3833 ||| Stepping ~*~*~tactically~*~*~ (stealth).
  3835 | D:5      | 3835 ||| Stepping ~*~*~tactically~*~*~ (hiding).
  4084 | D:5      | Found a basalt altar of Yredelemnul.
  4084 | D:5      | Found a shimmering blue altar of Sif Muna.
  4130 | D:5      | Found a burning altar of Makhleb.
  4220 | D:5      | Found a hazy altar of Hepliaklqana.
  4321 | D:5      | 4321 ||| Stepping ~*~*~tactically~*~*~ (outnumbered).
  4322 | D:5      | 4322 ||| Stepping ~*~*~tactically~*~*~ (outnumbered).
  4323 | D:5      | 4323 ||| Stepping ~*~*~tactically~*~*~ (outnumbered).
  4324 | D:5      | 4324 ||| Stepping ~*~*~tactically~*~*~ (outnumbered).
  4325 | D:5      | 4325 ||| Stepping ~*~*~tactically~*~*~ (outnumbered).
  4326 | D:5      | 4326 ||| Stepping ~*~*~tactically~*~*~ (outnumbered).
  4327 | D:5      | 4327 ||| Stepping ~*~*~tactically~*~*~ (outnumbered).
  4328 | D:5      | 4328 ||| Stepping ~*~*~tactically~*~*~ (outnumbered).
  4329 | D:5      | 4329 ||| Stepping ~*~*~tactically~*~*~ (outnumbered).
  4332 | D:5      | 4332 ||| Stepping ~*~*~tactically~*~*~ (outnumbered).
  4334 | D:5      | 4334 ||| Stepping ~*~*~tactically~*~*~ (outnumbered).
  4336 | D:5      | 4336 ||| Stepping ~*~*~tactically~*~*~ (outnumbered).
  4357 | D:5      | 4357 ||| READING scroll labelled COECWA MOZIRIT.
  4358 | D:5      | 4358 ||| DRINKING 2 murky sapphire potions.
  4359 | D:5      | 4359 ||| DRINKING 2 glowing silvery potions.
  4360 | D:5      | 4360 ||| DROPPING potion of magic.
  4503 | D:6      | Reached skill level 10 in Unarmed Combat
  4581 | D:6      | 4581 ||| Stepping ~*~*~tactically~*~*~ (hiding).
  4591 | D:6      | 4591 ||| Stepping ~*~*~tactically~*~*~ (stealth).
  4609 | D:6      | 4609 ||| Stepping ~*~*~tactically~*~*~ (hiding).
  4612 | D:6      | 4612 ||| INVOKING Fiery Armour.
  4615 | D:6      | 4615 ||| Stepping ~*~*~tactically~*~*~ (outnumbered).
  4622 | D:6      | 4622 ||| FLEEEEING.
  4623 | D:6      | 4623 ||| FLEEEEING.
  4624 | D:6      | 4624 ||| FLEEEEING.
  4625 | D:6      | 4625 ||| FLEEEEING.
  4626 | D:6      | 4626 ||| FLEEEEING.
  4627 | D:6      | 4627 ||| FLEEEEING.
  4628 | D:6      | 4628 ||| FLEEEEING.
  4629 | D:6      | 4629 ||| FLEEEEING.
  4630 | D:6      | 4630 ||| FLEEEEING.
  4631 | D:6      | 4631 ||| FLEEEEING.
  4632 | D:6      | 4632 ||| FLEEEEING.
  4633 | D:6      | 4633 ||| FLEEEEING.
  4634 | D:6      | 4634 ||| FLEEEEING.
  4635 | D:6      | 4635 ||| FLEEEEING.
  4636 | D:6      | 4636 ||| FLEEEEING.
  4637 | D:6      | 4637 ||| FLEEEEING.
  4638 | D:6      | 4638 ||| FLEEEEING.
  4639 | D:6      | 4639 ||| FLEEEEING.
  4640 | D:6      | 4640 ||| FLEEEEING.
  4641 | D:6      | 4641 ||| FLEEEEING.
  4642 | D:6      | 4642 ||| FLEEEEING.
  4643 | D:6      | 4643 ||| FLEEEEING.
  4644 | D:6      | 4644 ||| FLEEEEING.
  4645 | D:6      | 4645 ||| FLEEEEING.
  4646 | D:6      | 4646 ||| FLEEEEING.
  4647 | D:6      | 4647 ||| FLEEEEING.
  4648 | D:6      | 4648 ||| FLEEEEING.
  4649 | D:6      | 4649 ||| FLEEEEING.
  4650 | D:6      | 4650 ||| FLEEEEING.
  4651 | D:6      | 4651 ||| FLEEEEING.
  4652 | D:6      | 4652 ||| FLEEEEING.
  4748 | D:6      | 4748 ||| Stepping ~*~*~tactically~*~*~ (stealth).
  4989 | D:6      | 4989 ||| FLEEEEING.
  4990 | D:6      | 4990 ||| FLEEEEING.
  4991 | D:6      | 4991 ||| FLEEEEING.
  4997 | D:6      | Reached skill level 11 in Unarmed Combat
  5232 | D:6      | Found a bloodstained altar of Trog.
  5237 | D:6      | 5237 ||| READING scroll labelled DISCHU DAIRI.
  5238 | D:6      | 5238 ||| READING 2 scrolls labelled JIOFUEK NERUMM.
  5243 | D:6      | 5243 ||| READING scroll labelled TIRESAZO MOKK.
  5328 | D:7      | Reached XP level 9. HP: 84/84 MP: 9/9
  5410 | D:7      | Found a hide-covered altar of Uskayaw.
  5472 | D:7      | Found a runed translucent gate.
  5472 | D:7      | Found a runed translucent gate.
  5472 | D:7      | Found an opulent altar of Gozag.
  5472 | D:7      | Found a runed translucent gate.
  5787 | D:7      | Noticed a deep elf pyromancer
  5788 | D:7      | Noticed qw's ghost (novice TeWr)
  5789 | D:7      | Noticed a seven-headed hydra
  5793 | D:7      | 5793 ||| DROPPING ring of willpower.
  5794 | D:7      | 5794 ||| READING scroll labelled MYMEIT ZURGHU.
  5794 | D:7      | Identified a scroll of acquirement
  5794 | D:7      | 5794 ||| ACQUIRING +1 ice dragon scales "Nuask" {rF- rC++
                  | rN+ Int+3 Stlth+}
  5794 | D:7      | Acquired the +1 ice dragon scales "Nuask" {rF- rC++ rN+
                  | Int+3 Stlth+}
  5796 | D:7      | 5796 ||| UPGRADING to +1 ice dragon scales "Nuask" {rF-
                  | rC++ rN+ Int+3 Stlth+}.
  5806 | D:7      | 5806 ||| DRINKING 2 fizzy golden potions.
  5807 | D:7      | 5807 ||| READING 3 scrolls of identify.
  5807 | D:7      | 5807 ||| IDENTIFYING fizzy inky potion
  5808 | D:7      | 5808 ||| READING 2 scrolls of identify.
  5808 | D:7      | 5808 ||| IDENTIFYING fuming inky potion
  5809 | D:7      | 5809 ||| DROPPING potion of lignification.
  5826 | D:8      | 5826 ||| STAIRDANCE
  5858 | D:8      | 5858 ||| STAIRDANCE
  5898 | D:8      | Reached skill level 1 in Armour
  5931 | D:8      | 5931 ||| Stepping ~*~*~tactically~*~*~ (cloud).
  5932 | D:8      | 5932 ||| Stepping ~*~*~tactically~*~*~ (hiding).
  5935 | D:8      | Paralysed by a hornet for 1 turns
  5936 | D:8      | 5936 ||| INVOKING Fiery Armour.
  5937 | D:8      | HP: 17/84 [hornet (9)]
  5938 | D:8      | 5938 ||| READING 8 scrolls of teleportation.
  5939 | D:8      | 5939 ||| DRINKING potion of heal wounds.
  6014 | D:8      | Found a radiant altar of Vehumet.
  6096 | D:8      | 6096 ||| Stepping ~*~*~tactically~*~*~ (hiding).
  6098 | D:8      | 6098 ||| Stepping ~*~*~tactically~*~*~ (hiding).
  6099 | D:8      | 6099 ||| Stepping ~*~*~tactically~*~*~ (hiding).
  6128 | D:8      | Reached skill level 12 in Unarmed Combat
  6131 | D:8      | Found a blossoming altar of Fedhas.
  6145 | D:8      | 6145 ||| Stepping ~*~*~tactically~*~*~ (stealth).
  6146 | D:8      | 6146 ||| Stepping ~*~*~tactically~*~*~ (stealth).
  6152 | D:8      | 6152 ||| Stepping ~*~*~tactically~*~*~ (stealth).
  6153 | D:8      | 6153 ||| Stepping ~*~*~tactically~*~*~ (stealth).
  6180 | D:8      | Reached skill level 3 in Armour
  6263 | D:8      | 6263 ||| INVOKING Fiery Armour.
  6268 | D:8      | 6268 ||| Stepping ~*~*~tactically~*~*~ (outnumbered).
  6269 | D:8      | 6269 ||| Stepping ~*~*~tactically~*~*~ (outnumbered).
  6285 | D:8      | 6285 ||| Stepping ~*~*~tactically~*~*~ (outnumbered).
  6308 | D:8      | 6308 ||| Stepping ~*~*~tactically~*~*~ (outnumbered).
  6369 | D:8      | 6369 ||| Stepping ~*~*~tactically~*~*~ (stealth).
  6386 | D:8      | 6386 ||| Stepping ~*~*~tactically~*~*~ (stealth).
  6737 | D:8      | 6737 ||| READING scroll labelled BALU GUGAEVYO.
  6738 | D:8      | 6738 ||| READING scroll labelled TIJ FOSUGGOYN.
  6739 | D:8      | 6739 ||| DRINKING 2 puce potions.
  6740 | D:8      | 6740 ||| READING 4 scrolls of identify.
  6740 | D:8      | 6740 ||| IDENTIFYING white potion
  6741 | D:8      | 6741 ||| READING 3 scrolls of identify.
  6741 | D:8      | 6741 ||| IDENTIFYING red potion
  6742 | D:8      | 6742 ||| READING 2 scrolls of identify.
  6742 | D:8      | 6742 ||| IDENTIFYING blue potion
  6743 | D:8      | 6743 ||| DROPPING potion of attraction.
  6768 | D:9      | 6768 ||| Stepping ~*~*~tactically~*~*~ (hiding).
  6810 | D:9      | Noticed a two-headed ogre
  6819 | D:9      | Killed a two-headed ogre
  6820 | D:9      | Reached XP level 10. HP: 89/96 MP: 10/10
  6893 | D:9      | Reached skill level 13 in Unarmed Combat
  6984 | D:9      | 6984 ||| Stepping ~*~*~tactically~*~*~ (stealth).
  6986 | D:9      | 6986 ||| Stepping ~*~*~tactically~*~*~ (stealth).
  7174 | D:9      | Found a stormy altar of Qazlal.
  7216 | D:9      | 7216 ||| Stepping ~*~*~tactically~*~*~ (stealth).
  7327 | D:9      | Noticed an orange crystal statue
  7328 | D:9      | 7328 ||| INVOKING Fiery Armour.
  7332 | D:9      | 7332 ||| DRINKING 4 potions of curing.
  7332 | D:9      | 7332 ||| (to cure confusion)
  7335 | D:9      | 7335 ||| FLEEEEING.
  7336 | D:9      | 7336 ||| FLEEEEING.
  7337 | D:9      | 7337 ||| FLEEEEING.
  7339 | D:9      | 7339 ||| FLEEEEING.
  7340 | D:9      | 7340 ||| FLEEEEING.
  7341 | D:9      | 7341 ||| FLEEEEING.
  7344 | D:9      | 7344 ||| Stepping ~*~*~tactically~*~*~ (hiding).
  7347 | D:9      | 7347 ||| Stepping ~*~*~tactically~*~*~ (hiding).
  7349 | D:9      | 7349 ||| Stepping ~*~*~tactically~*~*~ (outnumbered).
  7350 | D:9      | 7350 ||| Stepping ~*~*~tactically~*~*~ (outnumbered).
  7351 | D:9      | 7351 ||| Stepping ~*~*~tactically~*~*~ (outnumbered).
  7352 | D:9      | 7352 ||| Stepping ~*~*~tactically~*~*~ (outnumbered).
  7437 | D:9      | 7437 ||| Stepping ~*~*~tactically~*~*~ (outnumbered).
  7438 | D:9      | 7438 ||| Stepping ~*~*~tactically~*~*~ (outnumbered).
  7439 | D:9      | Noticed Erica
  7440 | D:9      | 7440 ||| DRINKING 3 potions of curing.
  7440 | D:9      | 7440 ||| (to cure confusion)
  7441 | D:9      | 7441 ||| Stepping ~*~*~tactically~*~*~ (outnumbered).
  7445 | D:9      | 7445 ||| Stepping ~*~*~tactically~*~*~ (outnumbered).
  7447 | D:9      | 7447 ||| INVOKING Fiery Armour.
  7448 | D:9      | 7448 ||| Stepping ~*~*~tactically~*~*~ (outnumbered).
  7449 | D:9      | 7449 ||| DRINKING 2 potions of curing.
  7449 | D:9      | 7449 ||| (to cure confusion)
  7451 | D:9      | 7451 ||| DRINKING potion of curing.
  7451 | D:9      | 7451 ||| (to cure confusion)
  7457 | D:9      | Killed Erica
  7466 | D:9      | 7466 ||| Stepping ~*~*~tactically~*~*~ (outnumbered).
  7467 | D:9      | 7467 ||| Stepping ~*~*~tactically~*~*~ (outnumbered).
  7469 | D:9      | 7469 ||| Stepping ~*~*~tactically~*~*~ (outnumbered).
  7484 | D:9      | 7484 ||| Stepping ~*~*~tactically~*~*~ (outnumbered).
  7487 | D:9      | HP: 23/96 [wyvern[an orange crystal statue] (13)]
  7488 | D:9      | 7488 ||| READING 7 scrolls of teleportation.
  7489 | D:9      | 7489 ||| DRINKING 3 potions of heal wounds.
  7636 | D:9      | 7636 ||| INVOKING Fiery Armour.
  7641 | D:9      | 7641 ||| Stepping ~*~*~tactically~*~*~ (outnumbered).
  7644 | D:9      | 7644 ||| Stepping ~*~*~tactically~*~*~ (outnumbered).
  7661 | D:9      | 7661 ||| Stepping ~*~*~tactically~*~*~ (outnumbered).
  7662 | D:9      | 7662 ||| Stepping ~*~*~tactically~*~*~ (outnumbered).
  7663 | D:9      | 7663 ||| FLEEEEING.
  7664 | D:9      | 7664 ||| Stepping ~*~*~tactically~*~*~ (outnumbered).
  7749 | D:9      | Noticed a two-headed ogre
  7764 | D:9      | 7764 ||| INVOKING Fiery Armour.
  7771 | D:9      | 7771 ||| Stepping ~*~*~tactically~*~*~ (outnumbered).
  7772 | D:9      | 7772 ||| Stepping ~*~*~tactically~*~*~ (outnumbered).
  7773 | D:9      | 7773 ||| Stepping ~*~*~tactically~*~*~ (outnumbered).
  7862 | D:9      | 7862 ||| Stepping ~*~*~tactically~*~*~ (outnumbered).
  7863 | D:9      | 7863 ||| Stepping ~*~*~tactically~*~*~ (outnumbered).
  7863 | D:9      | Lost intelligence.
  7865 | D:9      | 7865 ||| Stepping ~*~*~tactically~*~*~ (outnumbered).
  7866 | D:9      | 7866 ||| Stepping ~*~*~tactically~*~*~ (outnumbered).
  7867 | D:9      | 7867 ||| Stepping ~*~*~tactically~*~*~ (outnumbered).
  7868 | D:9      | 7868 ||| Stepping ~*~*~tactically~*~*~ (outnumbered).
  7869 | D:9      | 7869 ||| Stepping ~*~*~tactically~*~*~ (outnumbered).
  7870 | D:9      | 7870 ||| Stepping ~*~*~tactically~*~*~ (outnumbered).
  7871 | D:9      | 7871 ||| Stepping ~*~*~tactically~*~*~ (outnumbered).
  7872 | D:9      | 7872 ||| Stepping ~*~*~tactically~*~*~ (outnumbered).
  7874 | D:9      | 7874 ||| Stepping ~*~*~tactically~*~*~ (outnumbered).
  7875 | D:9      | 7875 ||| Stepping ~*~*~tactically~*~*~ (outnumbered).
  7876 | D:9      | 7876 ||| Stepping ~*~*~tactically~*~*~ (outnumbered).
  7878 | D:9      | 7878 ||| Stepping ~*~*~tactically~*~*~ (outnumbered).
  7879 | D:9      | 7879 ||| Stepping ~*~*~tactically~*~*~ (outnumbered).
  7880 | D:9      | 7880 ||| Stepping ~*~*~tactically~*~*~ (outnumbered).
  7881 | D:9      | 7881 ||| Stepping ~*~*~tactically~*~*~ (outnumbered).
  7899 | D:9      | 7899 ||| INVOKING Fiery Armour.
  7913 | D:9      | 7913 ||| Stepping ~*~*~tactically~*~*~ (outnumbered).
  7915 | D:9      | 7915 ||| Stepping ~*~*~tactically~*~*~ (outnumbered).
  7916 | D:9      | 7916 ||| Stepping ~*~*~tactically~*~*~ (outnumbered).
  7923 | D:9      | Noticed a two-headed ogre
  7933 | D:9      | 7933 ||| Stepping ~*~*~tactically~*~*~ (outnumbered).
  7934 | D:9      | 7934 ||| Stepping ~*~*~tactically~*~*~ (outnumbered).
  7982 | D:9      | 7982 ||| INVOKING Fiery Armour.
  7998 | D:9      | 7998 ||| Stepping ~*~*~tactically~*~*~ (outnumbered).
  8045 | D:9      | 8045 ||| Stepping ~*~*~tactically~*~*~ (stealth).
  8053 | D:9      | 8053 ||| Stepping ~*~*~tactically~*~*~ (stealth).
  8104 | D:9      | 8104 ||| Stepping ~*~*~tactically~*~*~ (hiding).
  8115 | D:9      | 8115 ||| INVOKING Fiery Armour.
  8116 | D:9      | 8116 ||| Stepping ~*~*~tactically~*~*~ (outnumbered).
  8119 | D:9      | 8119 ||| Stepping ~*~*~tactically~*~*~ (outnumbered).
  8120 | D:9      | 8120 ||| Stepping ~*~*~tactically~*~*~ (outnumbered).
  8121 | D:9      | 8121 ||| Stepping ~*~*~tactically~*~*~ (outnumbered).
  8122 | D:9      | 8122 ||| Stepping ~*~*~tactically~*~*~ (outnumbered).
  8123 | D:9      | 8123 ||| Stepping ~*~*~tactically~*~*~ (outnumbered).
  8128 | D:9      | 8128 ||| Stepping ~*~*~tactically~*~*~ (stealth).
  8130 | D:9      | 8130 ||| Stepping ~*~*~tactically~*~*~ (hiding).
  8133 | D:9      | 8133 ||| Stepping ~*~*~tactically~*~*~ (outnumbered).
  8136 | D:9      | 8136 ||| Stepping ~*~*~tactically~*~*~ (outnumbered).
  8138 | D:9      | 8138 ||| Stepping ~*~*~tactically~*~*~ (outnumbered).
  8139 | D:9      | 8139 ||| Stepping ~*~*~tactically~*~*~ (outnumbered).
  8140 | D:9      | 8140 ||| Stepping ~*~*~tactically~*~*~ (outnumbered).
  8141 | D:9      | 8141 ||| Stepping ~*~*~tactically~*~*~ (outnumbered).
  8142 | D:9      | 8142 ||| Stepping ~*~*~tactically~*~*~ (outnumbered).
  8143 | D:9      | 8143 ||| Stepping ~*~*~tactically~*~*~ (outnumbered).
  8145 | D:9      | 8145 ||| Stepping ~*~*~tactically~*~*~ (hiding).
  8191 | D:9      | 8191 ||| Stepping ~*~*~tactically~*~*~ (outnumbered).
  8193 | D:9      | 8193 ||| Stepping ~*~*~tactically~*~*~ (outnumbered).
  8209 | D:9      | 8209 ||| INVOKING Fiery Armour.
  8219 | D:9      | 8219 ||| Stepping ~*~*~tactically~*~*~ (outnumbered).
  8232 | D:9      | HP: 18/88 [gnoll sergeant/+2 vampiric spear[an orange
                  | crystal statue] (10)]
  8233 | D:9      | 8233 ||| DRINKING 2 potions of heal wounds.
  8245 | D:9      | 8245 ||| Stepping ~*~*~tactically~*~*~ (outnumbered).
  8246 | D:9      | 8246 ||| Stepping ~*~*~tactically~*~*~ (outnumbered).
  8249 | D:9      | HP: 22/88 [yak[an orange crystal statue] (8)]
  8250 | D:9      | 8250 ||| DRINKING potion of heal wounds.
  8255 | D:9      | 8255 ||| Stepping ~*~*~tactically~*~*~ (outnumbered).
  8261 | D:9      | 8261 ||| Stepping ~*~*~tactically~*~*~ (outnumbered).
  8279 | D:9      | 8279 ||| Stepping ~*~*~tactically~*~*~ (outnumbered).
  8280 | D:9      | 8280 ||| Stepping ~*~*~tactically~*~*~ (outnumbered).
  8281 | D:9      | 8281 ||| Stepping ~*~*~tactically~*~*~ (outnumbered).
  8281 | D:9      | HP: 22/88 [gnoll sergeant/+2 vampiric spear[an orange
                  | crystal statue] (8)]
  8286 | D:9      | HP: 17/88 [yak[an orange crystal statue] (7)]
  8288 | D:9      | HP: 7/88 [yak[an orange crystal statue] (12)]
  8291 | D:9      | HP: 1/88 [yak[an orange crystal statue] (4)]
  8292 | D:9      | Mangled by a gnoll sergeant

Levels and vault maps discovered:
D:1:      eino_arrival_cavern_d, layout_loops_cross
D:2:      layout_basic
D:3:      wander_river, layout_basic, evilmike_ruin_ashenzari
D:4:      layout_basic, nzn_wu_jian_contemplation, serial_shops,
          nicolae_shop_waterfront, minmay_starry_boxes, uniq_duvessa
D:5:      layout_basic, mainiacjoe_overflow_small_starburst,
          mainiacjoe_overflow_tiny_flanked, okawaru_trees_1,
          mainiacjoe_overflow_divided_tiny, minmay_temple_entry_glass,
          serial_shops, shop
D:6:      layout_loops_ring, lightli_temple_of_fire
D:7:      layout_cave_pools, eat_drink_and_be_merry_uskayaw, ebering_ghost_gozag
D:8:      lemuel_ratsnest, layout_cave_pools, vehumet_statue, fedhas_altar_1,
          minmay_fire_ice_demons
D:9:      wad_woods_pond, layout_irregular_city, grunt_qazlal_clouds,
          minmay_statue_bubble, uniq_erica

Skill      XL: |  1  2  3  4  5  6  7  8  9 10 |
---------------+-------------------------------+-----
Unarmed Combat | 4 6 8 9 11 12 13 | 13.5
Fighting       | 3 4 5 |  5.0
Dodging        | 1 |  1.8
Armour         | 3 |  3.5
Spellcasting   | |  1.0
Fire Magic     | |  2.1

Action                   |  1- 3 |  4- 6 |  7- 9 | 10-12 || total
-------------------------+-------+-------+-------+-------++-------
Melee: Unarmed           |    93 |   177 |   281 |   329 ||   880
       Punch             |     3 |     4 |    14 |    14 ||    35
Invok: Fiery Armour      |       |     2 |     3 |     8 ||    13
  Use: Scroll            |     6 |     3 |    13 |     1 ||    23
       Potion            |       |     3 |     5 |     7 ||    15
Armor: Robe              |    29 |    64 |    58 |       ||   151
       Ice dragon scales |       |       |    63 |   390 ||   453
Dodge: Dodged            |    25 |    59 |   159 |   472 ||   715

Table legend:
 A = Non-vault XP
 B = Vault XP
 C = Vault XP percentage of total XP
 D = Non-vault monster count
 E = Vault monster count
 F = Vault count percentage of total count
                 A         B        C        D         E       F
            +---------+---------+-------+---------+---------+-------
      Total |    6045 |     973 |  13.9 |     196 |      46 |  19.0
            +---------+---------+-------+---------+---------+-------
        D:1 |      61 |       0 |   0.0 |      34 |       0 |   0.0
        D:2 |      31 |       0 |   0.0 |      12 |       0 |   0.0
        D:3 |      43 |       0 |   0.0 |      21 |       0 |   0.0
        D:4 |     273 |     271 |  49.8 |      25 |       8 |  24.2
        D:5 |    1056 |       0 |   0.0 |      39 |       0 |   0.0
        D:6 |    1005 |       0 |   0.0 |      25 |       0 |   0.0
        D:7 |     272 |       0 |   0.0 |       9 |       0 |   0.0
        D:8 |    1545 |     382 |  19.8 |      16 |      36 |  69.2
        D:9 |    1759 |     320 |  15.4 |      15 |       2 |  11.8
            +---------+---------+-------+---------+---------+-------
